 Dungeon Crawl Stone Soup version 0.22-a0-160-gcc81d7a (webtiles) character file.

166 Borgoz the Chopper (level 5, -3/47 HPs)
             Began as a Hill Orc Abyssal Knight on Feb 10, 2018.
             Was a Believer of Lugonu.
             Killed from afar by an orc wizard (12 damage)
             ... with a puff of flame
             ... on level 3 of the Dungeon.
             The game lasted 00:04:15 (1968 turns).

Borgoz the Chopper (Hill Orc Abyssal Knight)        Turns: 1968, Time: 00:04:16

Health: -3/47      AC:  3    Str: 15    XL:     5   Next: 47%
Magic:  6/6        EV: 12    Int: 12    God:    Lugonu [**....]
Gold:   198        SH:  0    Dex: 11    Spells: 4/4 levels left

rFire    . . .     SeeInvis .   a - +1 hand axe
rCold    . . .     Gourm    .   (no shield)
rNeg     . . .     Faith    .   b - +0 leather armour
rPois    .         Spirit   .   (no helmet)
rElec    .         Reflect  .   (no cloak)
rCorr    .         Harm     +   (no gloves)
MR       .....                  (no boots)
Stlth    +.........             i - amulet of harm
HPRegen  0.15/turn              (no ring)
MPRegen  0.10/turn              (no ring)

@: lethally poisoned (-3 -> -9)
A: no striking features
a: Depart the Abyss, Bend Space, Renounce Religion


You were on level 3 of the Dungeon.
You worshipped Lugonu.
Lugonu was pleased with you.
You were not hungry.

You visited 1 branch of the dungeon, and saw 3 of its levels.
You visited the Abyss 1 time.

You collected 198 gold pieces.

Inventory:

Hand Weapons
 a - a +1 hand axe (weapon)
Armour
 b - a +0 leather armour (worn)
Jewellery
 i - an amulet of harm (around neck)
Wands
 t - a wand of digging (13)
Scrolls
 j - 2 scrolls of remove curse
 o - a scroll of enchant armour {unknown}
 p - a scroll of identify {unknown}
 q - 2 scrolls of amnesia {unknown}
 s - 2 scrolls of teleportation {unknown}
Potions
 d - a potion of brilliance {unknown}
 e - a potion of might {unknown}
 f - a potion of flight {unknown}
 g - a potion of magic {unknown}
 h - 3 potions of haste {unknown}
 k - 2 potions of heal wounds {unknown}
 l - a potion of cancellation {unknown}
 m - a potion of lignification {unknown}
 r - a potion of curing {unknown}
 u - a potion of agility {unknown}
Comestibles
 c - 5 rations
 n - a chunk of flesh


   Skills:
 + Level 4.5 Fighting
 + Level 5.1 Axes
 + Level 3.3 Armour
 + Level 1.8 Dodging
 + Level 2.4 Invocations


You had 4 spell levels left.
You didn't know any spells.

Dungeon Overview and Level Annotations

Branches:
Dungeon (3/15)

Altars:


Message History

Lugonu accepts your kill.
You hit the orc wizard. You hit the orc.
You feel sick. The orc wizard closely misses you. The orc closely misses you.
You completely miss the orc wizard.
The orc wizard is severely wounded.
You barely miss the orc.
You feel sick.
The orc wizard gestures at you while chanting.
The magic dart hits you!
* * * LOW HITPOINT WARNING * * *
The orc barely misses you. The orc wizard hits you with a dagger.
* * * LOW HITPOINT WARNING * * *
You closely miss the orc wizard.
The orc wizard is severely wounded.
You hit the orc.
You kill the orc!
Lugonu accepts your kill.
You feel sick.
The orc wizard points at you and mumbles some strange words.
The puff of flame hits you!
You die...

.....##.#.# #
#....#...
#..##......#
......%>.#.#
#.....#
..####[....#
...........######
..........)†....##
.#...#...o@.......
...####.##....#..#
..# #.##..#..#.#
..#####.##..##....
##.....###..###..
##.......##.)# .
#<........##.###
#.........##...#
#......†..##...#...


You could see an orc wizard.

Vanquished Creatures
  6 adders
  4 gnolls (D:2)
  A worm (D:2)
  2 dart slugs (D:2)
  3 orcs (D:3)
  8 bats
  6 giant cockroaches
  4 goblins
  9 hobgoblins
  A quokka (D:2)
  3 frilled lizards
  10 kobolds
  9 rats
66 creatures vanquished.

Notes
Turn   | Place    | Note
-------+----------+-------------------------------------------
     0 | Abyss:1  | Borgoz the Hill Orc Abyssal Knight began the quest for the Orb.
     0 | Abyss:1  | Reached XP level 1. HP: 19/19 MP: 2/2
   134 | Abyss:1  | Noticed a large abomination
   142 | D:1      | Escaped the Abyss
   155 | D:1      | Reached * piety under Lugonu
   182 | D:1      | Reached skill level 3 in Axes
   182 | D:1      | Reached XP level 2. HP: 18/27 MP: 3/3
   711 | D:1      | Reached XP level 3. HP: 32/33 MP: 4/4
   904 | D:2      | Reached skill level 1 in Dodging
  1216 | D:2      | Reached skill level 4 in Axes
  1216 | D:2      | Reached XP level 4. HP: 32/41 MP: 5/5
  1339 | D:2      | Reached ** piety under Lugonu
  1460 | D:2      | Reached XP level 5. HP: 32/47 MP: 6/6
  1937 | D:2      | Reached skill level 5 in Axes
  1968 | D:3      | Killed from afar by an orc wizard

Vault maps used:
D:1:      eino_arrival_water_cross, minmay_box_of_dots
D:3:      hangedman_glass_teeth, minmay_lizard_king

Skill      XL: |  1  2  3  4  5 |
---------------+----------------+-----
Axes           | 3 4 5 |  5.1
Fighting       | 4 |  4.5
Dodging        | 1 |  1.8
Armour         | 3 |  3.3
Invocations    | |  2.4

Action                   |  1- 3 |  4- 6 || total
-------------------------+-------+-------++-------
Melee: Hand axe          |    97 |    78 ||   175
Invok: Depart the Abyss  |     1 |       ||     1
  Use: Scroll            |       |     1 ||     1
  Eat: Chunk             |       |     4 ||     4
Armor: Leather armour    |    27 |    25 ||    52
Dodge: Dodged            |    77 |    66 ||   143

Table legend:
 A = Spawn XP
 B = Non-spawn XP
 C = Spawn XP percentage of total XP
 D = Spawn monster count
 E = Non-spawn monster count
 F = Spawn count percentage of total count
 G = Total turns spent on level
                    A         B        C        D         E        F      G
               +---------+---------+-------+---------+---------+-------+---------
         Total |       0 |     238 |   0.0 |       0 |      66 |   0.0 |  1968
               +---------+---------+-------+---------+---------+-------+---------
           D:1 |       0 |      66 |   0.0 |       0 |      26 |   0.0 |   944
           D:2 |       0 |     144 |   0.0 |       0 |      32 |   0.0 |   814
           D:3 |       0 |      28 |   0.0 |       0 |       8 |   0.0 |    68
               +---------+---------+-------+---------+---------+-------+---------
